AoeStats
← BottleDry

Arena

506734222Analyzed
4v4 RM · 18d ago on Sep 14, 2026· 44m 19s· 8 players
Game mode
Random Map
Map size
Large (8 player)
Population
200
Speed
Normal
Resources
Standard
Victory
Conquest
Starting age
Dark Age
Ending age
Imperial Age
RankedLock teamsTeams togetherTeam positionsShared explorationLock speedFull tech treeHidden civsTurbo modeCheats
Victory
Defeat
🇦🇷 Spanish · Argentina
977
+14
🇦🇷 Persians · Argentina
942
+15
🇦🇷 Burgundians · Argentina
933
+16
🇦🇷 Bohemians · Argentina
931
+16
🇺🇸 Khitans · United States
951
-43
🇦🇷 Turks · Argentina
941
-16
🇺🇸 Celts · United States
924
-15
🇺🇸 Georgians · United States
897
-14
BottleDry
4:58 Loom
12:03 Feudal Age
13:53 Double-Bit Axe
16:41 Castle Age
16:46 Horse Collar
17:56 Heavy Plow
18:09 Bow Saw
18:02 Gold Mining
18:18 Stone Mining
20:40 Wheelbarrow
25:15 Fletching
25:25 Padded Archer Armor
30:29 Imperial Age
28:27 Bodkin Arrow
28:44 Forging
28:35 Scale Mail Armor
30:16 Leather Archer Armor
31:12 Ballistics
30:48 Murder Holes
31:04 Fortified Wall
31:06 Masonry
30:37 Treadmill Crane
31:10 Stronghold
31:54 Conscription
31:53 Chain Mail Armor
31:03 Capped Ram
32:47 Ring Archer Armor
31:47 Elite Skirmisher
33:24 Iron Casting
33:19 Plate Mail Armor
34:06 Chemistry
33:17 Siege Engineers
33:23 Masonry
34:24 Siege Ram
36:35 Blast Furnace
36:42 Furor Celtica
37:35 Onager
39:25 Pikeman
39:52 Gambesons
40:14 Scale Barding Armor
40:02 Halberdier
40:28 Arson
40:28 Siege Onager
ggvenn
3:06 Loom
15:00 Feudal Age
16:52 Wheelbarrow
16:28 Double-Bit Axe
17:27 Domestication
19:46 Gold Mining
24:35 Stone Mining
25:26 Scale Mail Armor
25:26 Padded Archer Armor
Numinous
5:25 Loom
11:35 Feudal Age
12:44 Horse Collar
12:53 Double-Bit Axe
21:02 Castle Age
19:06 Gold Mining
19:10 Stone Mining
20:37 Fletching
23:00 Bow Saw
22:56 Heavy Plow
23:36 Stone Shaft Mining
23:51 Bodkin Arrow
25:08 Wheelbarrow
28:37 Hand Cart
28:18 Town Watch
28:40 Padded Archer Armor
28:48 Scale Barding Armor
28:54 Forging
34:05 Imperial Age
31:54 Elite Skirmisher
34:15 Pikeman
34:59 Husbandry
35:12 Bloodlines
35:27 Conscription
35:22 Svan Towers
35:49 Fortified Wall
36:01 Ballistics
36:41 Chemistry
35:22 Treadmill Crane
35:52 Masonry
35:29 Arrowslits
35:52 Siege Engineers
36:32 Crop Rotation
35:35 Elite Monaspa
36:55 Hoardings
36:40 Light Cavalry
38:36 Bracer
38:52 Leather Archer Armor
38:57 Chain Barding Armor
39:13 Iron Casting
38:38 Murder Holes
38:48 Town Patrol
38:14 Halberdier
38:40 Gambesons
38:57 Squires
38:37 Elite Monaspa
39:29 Guard Tower
40:19 Hussar
41:37 Architecture
42:50 Plate Barding Armor
Matiquemero
3:22 Loom
12:15 Feudal Age
13:52 Double-Bit Axe
16:40 Castle Age
15:28 Wheelbarrow
17:31 Bow Saw
20:56 Horse Collar
22:00 Ballistics
21:56 Fortified Wall
29:01 Imperial Age
27:43 Padded Archer Armor
29:36 Leather Archer Armor
36:21 Bloodlines
36:11 Husbandry
36:27 Forging
36:23 Scale Barding Armor
42:10 Iron Casting
42:26 Chain Barding Armor
44:35 Blast Furnace
44:45 Plate Barding Armor
43:46 Heavy Camel Rider
Sergio A. Gamarra
11:25 Feudal Age
17:24 Castle Age
15:59 Stone Mining
15:57 Double-Bit Axe
16:29 Horse Collar
17:09 Gold Mining
18:03 Bow Saw
18:15 Heavy Plow
21:32 Gold Shaft Mining
21:36 Stone Shaft Mining
33:20 Imperial Age
32:04 Scale Barding Armor
32:10 Forging
33:50 Chain Barding Armor
34:52 Wheelbarrow
34:55 Conscription
34:46 Elite War Elephant
36:08 Iron Casting
36:25 Hand Cart
36:46 Town Watch
37:34 Crop Rotation
38:31 Two-Man Saw
37:37 Town Patrol
37:25 Loom
39:47 Blast Furnace
39:22 Plate Barding Armor
EsteNoEsPaisa
11:46 Feudal Age
11:16 Double-Bit Axe
11:13 Horse Collar
12:51 Bow Saw
13:35 Heavy Plow
19:12 Castle Age
18:43 Scale Barding Armor
18:49 Forging
19:13 Cavalier
21:17 Wheelbarrow
23:45 Husbandry
27:38 Gold Mining
31:41 Imperial Age
29:30 Hand Cart
30:21 Two-Man Saw
30:12 Crop Rotation
30:48 Chain Barding Armor
31:04 Iron Casting
31:00 Stone Mining
31:46 Gold Shaft Mining
32:43 Paladin
38:28 Plate Barding Armor
38:54 Blast Furnace
41:03 Stone Shaft Mining
ElAguuz
11:34 Feudal Age
15:22 Castle Age
13:25 Double-Bit Axe
14:05 Loom
16:38 Horse Collar
18:00 Fletching
19:32 Wheelbarrow
19:37 Bow Saw
24:21 Padded Archer Armor
25:24 Leather Archer Armor
27:23 Bodkin Arrow
28:30 Town Watch
29:02 Hand Cart
30:13 Forging
30:09 Scale Barding Armor
31:35 Heavy Plow
31:33 Gold Mining
37:45 Imperial Age
35:44 Town Patrol
36:08 Bloodlines
35:59 Husbandry
37:55 Iron Casting
37:40 Chain Barding Armor
37:58 Cavalier
39:05 Conscription
40:03 Chemistry
39:25 Ballistics
40:22 Paladin
43:50 Blast Furnace
43:25 Plate Barding Armor
Vagorr_
11:13 Feudal Age
16:25 Castle Age
14:36 Double-Bit Axe
14:38 Horse Collar
16:39 Loom
18:28 Fletching
18:39 Padded Archer Armor
23:24 Bow Saw
23:29 Heavy Plow
23:11 Elite Skirmisher
28:10 Wheelbarrow
31:21 Imperial Age
31:43 Elite Hussite Wagon
32:42 Bodkin Arrow
33:03 Leather Archer Armor
36:04 Chemistry
35:36 Ballistics
36:10 Bracer
36:40 Ring Archer Armor
36:48 Ring Archer Armor
39:12 Houfnice
Connection lost

Rejoining the realm…

Still unreachable

The connection could not be restored.

Session expired

The server has moved on; the page needs a fresh start.